| TOP OF THE 1ST |
|
Philadelphia (APP) Phillies batting - Pitching for Ogden Raptors : RHP Steve Mintz
|
|
Pitching: RHP Steve Mintz
|
|
|
Batting: RHB Tony Perez
|
0-0: Called Strike 0-1: Ball 1-1: Swinging Strike 1-2: Foul Ball, location: 2F 1-2: Ball 2-2: Strikes out looking
|
|
Batting: RHB Gary Sampson
|
0-0: Ball 1-0: Swinging Strike 1-1: Foul Ball, location: 2F 1-2: Ball 2-2: Foul Ball, location: 2F 2-2: Ball 3-2: Foul Ball, location: 2F 3-2: Strikes out looking
|
|
Batting: LHB Joel Moore
|
0-0: Ball 1-0: Fly out, F5 (Popup, 25, EV 85.0 MPH)
|
| Top of the 1st over - 0 runs, 0 hits, 0 errors, 0 left on base; Philadelphia (APP) 0 - Ogden 0 |
| BOTTOM OF THE 1ST |
|
Ogden Raptors batting - Pitching for Philadelphia (APP) Phillies : RHP Gregorio Padilla
|
|
Pitching: RHP Gregorio Padilla
|
|
|
Batting: RHB Alex Mejia
|
0-0: Ball 1-0: Ball 2-0: Ball 3-0: Base on Balls
|
|
Batting: LHB Cory Bowler
|
0-0: Ball 1-0: Foul Ball, location: 2F 1-1: Ball 2-1: Ball 3-1: Base on Balls Alex Mejia to second
|
|
Batting: LHB Kevin Wiebe
|
0-0: Ball 1-0: Swinging Strike 1-1: Swinging Strike 1-2: Foul Ball, location: 2F 1-2: Ball 2-2: Foul Ball, location: 2F 2-2: Ball 3-2: Base on Balls Alex Mejia to third Cory Bowler to second
|
|
Batting: LHB Steve Pond
|
0-0: Ball 1-0: Called Strike 1-1: Foul Ball, location: 2F 1-2: Strikes out looking
|
|
Batting: RHB Blake Beale
|
0-0: Foul Ball, location: 2F 0-1: Called Strike 0-2: Foul Ball, location: 2F 0-2: Foul Ball, location: 2F 0-2: Foul Ball, location: 2F 0-2: Foul Ball, location: 2F 0-2: Ball 1-2: Ball 2-2: Fly out, F4 (Popup, 3D, EV 43.1 MPH)
|
|
Batting: LHB Nate Kee
|
0-0: Called Strike 0-1: Ball 1-1: Ball 2-1: Ball 3-1: Base on Balls Alex Mejia scores Cory Bowler to third Kevin Wiebe to second
|
|
Batting: RHB Mike Kaczor
|
0-0: Ground out 6-3 (Groundball, 6MS, EV 85.0 MPH)
|
| Bottom of the 1st over - 1 run, 0 hits, 0 errors, 3 left on base; Philadelphia (APP) 0 - Ogden 1 |
| TOP OF THE 2ND |
|
Philadelphia (APP) Phillies batting - Pitching for Ogden Raptors : RHP Steve Mintz
|
|
Batting: RHB Allen Gravel
|
0-0: Ball 1-0: Ball 2-0: Foul Ball, location: 2F 2-1: Ball 3-1: Base on Balls
|
|
Batting: RHB Trent Hedrick
|
0-0: Ball 1-0: Ball 2-0: Foul Ball, location: 2F 2-1: Ball 3-1: Swinging Strike 3-2: Foul Ball, location: 2F 3-2: Fly out, F3 (Popup, 3SF, EV 85.0 MPH)
|
|
Batting: RHB Mike Bell
|
0-0: Foul Ball, location: 2F 0-1: Ball 1-1: Ball 2-1: Swinging Strike 2-2: Ball 3-2: Strikes out looking
|
|
Batting: RHB Guan-pei Gao
|
0-0: Called Strike 0-1: Foul Ball, location: 2F 0-2: Fielders Choice at 2nd, 5-4 (Groundball, 5, EV 106.2 MPH)
|
| Top of the 2nd over - 0 runs, 0 hits, 0 errors, 1 left on base; Philadelphia (APP) 0 - Ogden 1 |
| BOTTOM OF THE 2ND |
|
Ogden Raptors batting - Pitching for Philadelphia (APP) Phillies : RHP Gregorio Padilla
|
|
Batting: SHB Jesus Gomez
|
0-0: Called Strike 0-1: Called Strike 0-2: Ball 1-2: Ball 2-2: Foul Ball, location: 2F 2-2: SOLO HOME RUN (Flyball, 78XD, EV 111.2 MPH), Distance : 437 ft
|
|
Batting: SHB Jason Todd
|
0-0: Called Strike 0-1: Ball 1-1: Swinging Strike 1-2: Strikes out swinging
|
|
Batting: RHB Alex Mejia
|
0-0: Foul Ball, location: 2F 0-1: Called Strike 0-2: Strikes out swinging
|
|
Batting: LHB Cory Bowler
|
0-0: Ground out U3 (Groundball, 3, EV 101.2 MPH)
|
| Bottom of the 2nd over - 1 run, 1 hit, 0 errors, 0 left on base; Philadelphia (APP) 0 - Ogden 2 |
| TOP OF THE 3RD |
|
Philadelphia (APP) Phillies batting - Pitching for Ogden Raptors : RHP Steve Mintz
|
|
Batting: RHB Lee Wright
|
0-0: Called Strike 0-1: Swinging Strike 0-2: SOLO HOME RUN (Line Drive, 7D, EV 106.9 MPH), Distance : 402 ft
|
|
Batting: LHB Jesse Haught
|
0-0: Foul Ball, location: 2F 0-1: Ball 1-1: Ball 2-1: Foul Ball, location: 2F 2-2: Ball 3-2: Base on Balls
|
|
Batting: RHB Tony Perez
|
0-0: Ball 1-0: Ball 2-0: Foul Ball, location: 2F 2-1: Ball 3-1: Foul Ball, location: 2F 3-2: Foul Ball, location: 2F 3-2: Base on Balls Jesse Haught to second
|
|
Batting: RHB Gary Sampson
|
0-0: Ball 1-0: Called Strike 1-1: Fly out, F9 (Flyball, 9D, EV 90.6 MPH) Runner from 2nd tags up, SAFE at 3rd, no throw by RF
|
|
Batting: LHB Joel Moore
|
0-0: Ball Tony Perez steals 2nd base 1-0: Called Strike 1-1: Called Strike 1-2: Strikes out swinging
|
|
Batting: RHB Allen Gravel
|
0-0: DOUBLE (Flyball, 78XD, EV 108.8 MPH) Jesse Haught scores Tony Perez scores
|
|
Batting: RHB Trent Hedrick
|
0-0: Called Strike 0-1: Ball 1-1: Ball 2-1: Ball 3-1: Ground out 5-3 (Groundball, 5, EV 82.5 MPH)
|
| Top of the 3rd over - 3 runs, 2 hits, 0 errors, 1 left on base; Philadelphia (APP) 3 - Ogden 2 |
| BOTTOM OF THE 3RD |
|
Ogden Raptors batting - Pitching for Philadelphia (APP) Phillies : RHP Gregorio Padilla
|
|
Batting: LHB Kevin Wiebe
|
0-0: Ball 1-0: Ball 2-0: Ball 3-0: Called Strike 3-1: Called Strike 3-2: Strikes out swinging
|
|
Batting: LHB Steve Pond
|
0-0: Foul Ball, location: 2F 0-1: Ball 1-1: Ball 2-1: Foul Ball, location: 2F 2-2: Foul Ball, location: 2F 2-2: Ball 3-2: Foul Ball, location: 2F 3-2: SOLO HOME RUN (Flyball, 9D, EV 96.9 MPH), Distance : 389 ft
|
|
Batting: RHB Blake Beale
|
0-0: Ball 1-0: Ball 2-0: Ball 3-0: Base on Balls
|
|
Batting: LHB Nate Kee
|
0-0: Ball 1-0: Ball 2-0: Swinging Strike 2-1: Ball 3-1: 2-RUN HOME RUN (Flyball, 7D, EV 100.6 MPH), Distance : 397 ft
|
|
Pitching: RHP Tony Ferreira
|
|
|
Batting: RHB Mike Kaczor
|
0-0: Fly out, F7 (Flyball, 7, EV 83.1 MPH)
|
|
Batting: SHB Jesus Gomez
|
0-0: Ball 1-0: Foul Ball, location: 2F 1-1: Ball 2-1: SINGLE (Line Drive, 4D, EV 99.4 MPH)
|
|
Batting: SHB Jason Todd
|
0-0: Ball 1-0: Called Strike 1-1: Called Strike 1-2: Strikes out looking
|
| Bottom of the 3rd over - 3 runs, 3 hits, 0 errors, 1 left on base; Philadelphia (APP) 3 - Ogden 5 |
| TOP OF THE 4TH |
|
Philadelphia (APP) Phillies batting - Pitching for Ogden Raptors : RHP Steve Mintz
|
|
Batting: RHB Mike Bell
|
0-0: Foul Ball, location: 2F 0-1: Swinging Strike 0-2: Strikes out looking
|
|
Batting: RHB Guan-pei Gao
|
0-0: Ball 1-0: Called Strike 1-1: Foul Ball, location: 2F 1-2: Strikes out swinging
|
|
Batting: RHB Lee Wright
|
0-0: Ball 1-0: Called Strike 1-1: Swinging Strike 1-2: Foul Ball, location: 2F 1-2: Ball 2-2: Strikes out looking
|
| Top of the 4th over - 0 runs, 0 hits, 0 errors, 0 left on base; Philadelphia (APP) 3 - Ogden 5 |
| BOTTOM OF THE 4TH |
|
Ogden Raptors batting - Pitching for Philadelphia (APP) Phillies : RHP Tony Ferreira
|
|
Batting: RHB Alex Mejia
|
0-0: Ball 1-0: Called Strike 1-1: Ground out U3 (Groundball, 3S, EV 74.4 MPH)
|
|
Batting: LHB Cory Bowler
|
0-0: Foul Ball, location: 2F 0-1: Foul Ball, location: 2F 0-2: Foul Ball, location: 2F 0-2: SINGLE (Groundball, 34S, EV 70.6 MPH) (infield hit)
|
|
Batting: LHB Kevin Wiebe
|
0-0: Ball Cory Bowler is caught stealing 2nd base 2-6 1-0: Ball 2-0: Ball 3-0: Called Strike 3-1: Base on Balls
|
|
Batting: LHB Steve Pond
|
0-0: Fly out, F9 (Flyball, 9D, EV 90.6 MPH)
|
| Bottom of the 4th over - 0 runs, 1 hit, 0 errors, 1 left on base; Philadelphia (APP) 3 - Ogden 5 |
| TOP OF THE 5TH |
|
Philadelphia (APP) Phillies batting - Pitching for Ogden Raptors : RHP Steve Mintz
|
|
Batting: LHB Jesse Haught
|
0-0: Foul Ball, location: 2F 0-1: Swinging Strike 0-2: Strikes out swinging, 2-3 out at first.
|
|
Batting: RHB Tony Perez
|
0-0: Ball 1-0: Foul Ball, location: 2F 1-1: Ball 2-1: Called Strike 2-2: SINGLE (Line Drive, 7S, EV 104.4 MPH)
|
|
Pitching: LHP Avon Barksdale
|
|
|
Batting: RHB Gary Sampson
|
0-0: Ball Tony Perez steals 2nd base 1-0: Swinging Strike 1-1: Ball 2-1: Ball Wild Pitch! Tony Perez to third 3-1: Swinging Strike 3-2: Strikes out swinging
|
|
Batting: LHB Joel Moore
|
0-0: Called Strike 0-1: Ball 1-1: Ball 2-1: Swinging Strike 2-2: SINGLE (Groundball, 6D, EV 100.0 MPH) Tony Perez scores
|
|
Batting: RHB Allen Gravel
|
0-0: Swinging Strike 0-1: Ball 1-1: Ball 2-1: Foul Ball, location: 2F 2-2: Foul Ball, location: 2F 2-2: Foul Ball, location: 2F 2-2: Strikes out swinging
|
| Top of the 5th over - 1 run, 2 hits, 0 errors, 1 left on base; Philadelphia (APP) 4 - Ogden 5 |
| BOTTOM OF THE 5TH |
|
Ogden Raptors batting - Pitching for Philadelphia (APP) Phillies : RHP Tony Ferreira
|
|
Batting: RHB Blake Beale
|
0-0: Ball 1-0: SOLO HOME RUN (Flyball, 7D, EV 99.4 MPH), Distance : 401 ft
|
|
Batting: LHB Nate Kee
|
0-0: Called Strike 0-1: Foul Ball, location: 2F 0-2: Ball 1-2: Strikes out swinging
|
|
Batting: RHB Mike Kaczor
|
0-0: Swinging Strike 0-1: Called Strike 0-2: Ground out 6-3 (Groundball, 6, EV 104.4 MPH)
|
|
Batting: SHB Jesus Gomez
|
0-0: Ball 1-0: SINGLE (Groundball, 34D, EV 102.5 MPH)
|
|
Batting: SHB Jason Todd
|
0-0: Ball 1-0: Ball 2-0: Ball 3-0: Called Strike 3-1: Called Strike 3-2: Foul Ball, location: 2F 3-2: Base on Balls Jesus Gomez to second
|
|
Batting: RHB Alex Mejia
|
0-0: Called Strike 0-1: Foul Ball, location: 2F 0-2: Ball 1-2: Foul Ball, location: 2F 1-2: Ground out 1-3 (Groundball, 13S, EV 75.6 MPH)
|
| Bottom of the 5th over - 1 run, 2 hits, 0 errors, 2 left on base; Philadelphia (APP) 4 - Ogden 6 |
| TOP OF THE 6TH |
|
Philadelphia (APP) Phillies batting - Pitching for Ogden Raptors : LHP Avon Barksdale
|
|
Batting: RHB Trent Hedrick
|
0-0: Ball 1-0: Foul Ball, location: 2F 1-1: Foul Ball, location: 2F 1-2: Foul Ball, location: 2F 1-2: Ball 2-2: Ground out 5-3 (Groundball, 5L, EV 88.1 MPH)
|
|
Batting: RHB Mike Bell
|
0-0: Foul Ball, location: 2F 0-1: Foul Ball, location: 2F 0-2: Ball 1-2: Foul Ball, location: 2F 1-2: Strikes out swinging
|
|
Batting: RHB Guan-pei Gao
|
0-0: Called Strike 0-1: Ground out 1-3 (Groundball, 34S, EV 76.9 MPH)
|
| Top of the 6th over - 0 runs, 0 hits, 0 errors, 0 left on base; Philadelphia (APP) 4 - Ogden 6 |
| BOTTOM OF THE 6TH |
|
Ogden Raptors batting - Pitching for Philadelphia (APP) Phillies : RHP Tony Ferreira
|
|
Batting: LHB Cory Bowler
|
0-0: Called Strike 0-1: Swinging Strike 0-2: Strikes out swinging
|
|
Batting: LHB Kevin Wiebe
|
0-0: Called Strike 0-1: Ball 1-1: Ball 2-1: Ball 3-1: Base on Balls
|
|
Pitching: RHP Josh Howell
|
|
|
Batting: LHB Steve Pond
|
0-0: Called Strike 0-1: Foul Ball, location: 2F 0-2: Foul Ball, location: 2F 0-2: Ball 1-2: Ball 2-2: Strikes out swinging
|
|
Batting: RHB Blake Beale
|
0-0: Fly out, F8 (Flyball, 8RD, EV 104.4 MPH)
|
| Bottom of the 6th over - 0 runs, 0 hits, 0 errors, 1 left on base; Philadelphia (APP) 4 - Ogden 6 |
| TOP OF THE 7TH |
|
Philadelphia (APP) Phillies batting - Pitching for Ogden Raptors : LHP Avon Barksdale
|
|
Batting: RHB Lee Wright
|
0-0: Called Strike 0-1: Foul Ball, location: 2F 0-2: Ball 1-2: Ball 2-2: Strikes out swinging
|
|
Batting: LHB Jesse Haught
|
0-0: Ball 1-0: Fly out, F7 (Flyball, 7, EV 80.0 MPH)
|
|
Batting: RHB Tony Perez
|
0-0: Foul Ball, location: 2F 0-1: Ball 1-1: Swinging Strike 1-2: Strikes out swinging
|
| Top of the 7th over - 0 runs, 0 hits, 0 errors, 0 left on base; Philadelphia (APP) 4 - Ogden 6 |
| BOTTOM OF THE 7TH |
|
Ogden Raptors batting - Pitching for Philadelphia (APP) Phillies : RHP Josh Howell
|
|
Batting: LHB Nate Kee
|
0-0: Ball 1-0: Ground out 4-3 (Groundball, 34, EV 103.1 MPH)
|
|
Batting: RHB Mike Kaczor
|
0-0: Ball 1-0: SINGLE (Flyball, 8RS, EV 90.0 MPH)
|
|
Batting: SHB Jesus Gomez
|
0-0: Called Strike 0-1: Swinging Strike 0-2: Ball 1-2: Strikes out swinging
|
|
Batting: SHB Jason Todd
|
0-0: Fly out, F8 (Flyball, 8RM, EV 90.6 MPH)
|
| Bottom of the 7th over - 0 runs, 1 hit, 0 errors, 1 left on base; Philadelphia (APP) 4 - Ogden 6 |
| TOP OF THE 8TH |
|
Philadelphia (APP) Phillies batting - Pitching for Ogden Raptors : LHP Avon Barksdale
|
|
Now in LF: Jay Fenderson
|
|
|
Now in RF: Steve Pond
|
|
|
Batting: RHB Gary Sampson
|
0-0: Ground out 6-3 (Groundball, 6, EV 83.8 MPH)
|
|
Batting: LHB Joel Moore
|
0-0: Ball 1-0: Ball 2-0: Reached on error, E3 (Groundball, 3, EV 81.2 MPH)
|
|
Pitching: LHP Bill Esten
|
|
|
Batting: RHB Allen Gravel
|
0-0: Ball 1-0: Foul Ball, location: 2F 1-1: Ball 2-1: Ball 3-1: Fly out, F9 (Line Drive, 9, EV 84.4 MPH)
|
|
Batting: RHB Trent Hedrick
|
0-0: Ball 1-0: Foul Ball, location: 2F 1-1: Swinging Strike 1-2: Strikes out swinging
|
| Top of the 8th over - 0 runs, 0 hits, 1 error, 1 left on base; Philadelphia (APP) 4 - Ogden 6 |
| BOTTOM OF THE 8TH |
|
Ogden Raptors batting - Pitching for Philadelphia (APP) Phillies : RHP Josh Howell
|
|
Batting: LHB Jay Fenderson
|
0-0: Ball 1-0: Called Strike 1-1: Foul Ball, location: 2F 1-2: Ground out 1-3 (Groundball, 25, EV 65.0 MPH)
|
|
Batting: LHB Cory Bowler
|
0-0: Called Strike 0-1: Ball 1-1: Swinging Strike 1-2: Ball 2-2: Ball 3-2: Ground out 5-3 (Groundball, 56, EV 83.1 MPH)
|
|
Batting: LHB Kevin Wiebe
|
0-0: Ball 1-0: Ball 2-0: Ball 3-0: Called Strike 3-1: Called Strike 3-2: Foul Ball, location: 2F 3-2: Base on Balls
|
|
Batting: LHB Steve Pond
|
0-0: Ball 1-0: Called Strike 1-1: Ball 2-1: Ball 3-1: Base on Balls Kevin Wiebe to second
|
|
Batting: RHB Blake Beale
|
0-0: 3-RUN HOME RUN (Flyball, 78XD, EV 108.8 MPH), Distance : 425 ft
|
|
Pitching: LHP Marty de la Rosa
|
|
|
Batting: LHB Nate Kee
|
0-0: Called Strike 0-1: Foul Ball, location: 2F 0-2: Foul Ball, location: 2F 0-2: Ball 1-2: Fly out, F8 (Flyball, 8RD, EV 91.2 MPH)
|
| Bottom of the 8th over - 3 runs, 1 hit, 0 errors, 0 left on base; Philadelphia (APP) 4 - Ogden 9 |
| TOP OF THE 9TH |
|
Philadelphia (APP) Phillies batting - Pitching for Ogden Raptors : LHP Bill Esten
|
|
Batting: RHB Mike Bell
|
0-0: Ball 1-0: Called Strike 1-1: Called Strike 1-2: Strikes out looking
|
|
Batting: RHB Guan-pei Gao
|
0-0: Called Strike 0-1: Ball 1-1: Foul Ball, location: 2F 1-2: Fly out, F8 (Line Drive, 8RD, EV 93.1 MPH)
|
|
Batting: RHB Lee Wright
|
0-0: Called Strike 0-1: DOUBLE (Flyball, 8LXD, EV 99.4 MPH)
|
|
Batting: LHB Jesse Haught
|
0-0: Swinging Strike 0-1: Called Strike 0-2: Ball 1-2: Ground out 6-3 (Groundball, 6, EV 83.8 MPH)
|
| Top of the 9th over - 0 runs, 1 hit, 0 errors, 1 left on base; Philadelphia (APP) 4 - Ogden 9 |
|